 Dungeon Crawl Stone Soup version 0.30.1-4-g462c640d31 (webtiles) character file.

Game seed: 5638103520550448958

97666 pkoi the Devastator (level 15, -2/124 HPs)
             Began as a Grey Draconian Conjurer on Sept 6, 2023.
             Was an Initiate of Gozag.
             Shot with an arrow by Nessos (14 damage)
             ... on level 2 of the Orcish Mines on Sept 7, 2023.
             The game lasted 02:00:12 (54820 turns).

pkoi the Devastator (Grey Draconian Conjurer)      Turns: 54820, Time: 02:00:12

Health: -2/124     AC: 18    Str: 18    XL:     15   Next: 72%
Magic:  12/24      EV: 13    Int: 24    God:    Gozag
Gold:   902        SH:  5    Dex:  9    Spells: 2/26 levels left

rFire   + + .        K - staff of earth
rCold   . . .        (no shield)
rNeg    . . .        (body armour unavailable)
rPois   +            (helmet restricted)
rElec   .            O - +0 cloak
rCorr   .            W - +0 pair of gloves {Stlth+}
SInv    .            H - +1 pair of boots {Fly}
Will    +....        w - amulet of reflection
Stlth   +++          d - +6 ring of strength
HPRegen 0.40/turn    o - ring of poison resistance
MPRegen 0.19/turn

%: reflection
@: lethally poisoned (-2 -> -10), flying
A: AC +14, amphibious, unfitting armour, cold-blooded, big wings, fire
resistance 2
a: Renounce Religion, Potion Petition, Call Merchant, Bribe Branch


You were on level 2 of the Orcish Mines.
You worshipped Gozag.
Gozag was pleased with you.
You visited 6 branches of the dungeon, and saw 25 of its levels.
You also visited: Sewer, Ossuary and Bailey.

You collected 9926 gold pieces.
You spent 2224 gold pieces at shops.
You paid 6800 gold pieces to Gozag.

Inventory:

Hand Weapons
 h - the +8 falchion of Intuition {protect, Int+3 Stlth+}
   (You found it on level 3 of the Dungeon)

   Int:       It affects your intelligence (+3).
   Stlth:     It makes you more stealthy.
 I - the +10 long sword of the Dead {venom, Will+++}
   (You bought it in a shop on level 9 of the Dungeon)

   Will:      It greatly increases your willpower.
Missiles
 i - 6 curare-tipped darts
 G - 4 throwing nets
Armour
 H - a +1 pair of boots of flying (worn)
 O - a +0 cloak (worn)
 W - a +0 pair of gloves of stealth (worn)
Magical Staves
 K - a staff of earth (weapon)
Jewellery
 d - a +6 ring of strength (left hand)
 o - a ring of poison resistance (right hand)
 w - an amulet of reflection (around neck)
Wands
 q - a wand of mindburst (2)
 y - a wand of digging (13)
 E - a wand of iceblast (11)
 F - a wand of light (4)
 M - a wand of polymorph (10)
 R - a wand of flame (5)
 V - a wand of paralysis (12)
Scrolls
 j - 2 scrolls of blinking
 k - 7 scrolls of teleportation
 n - a scroll of enchant weapon
 p - 3 scrolls of brand weapon
 s - 3 scrolls of amnesia
 B - a scroll of fog
 J - 4 scrolls of enchant armour
 L - a scroll of magic mapping
 N - 5 scrolls of identify
 Q - 2 scrolls of poison
Potions
 a - 6 potions of magic
 c - 10 potions of haste
 e - 4 potions of cancellation
 f - 2 potions of resistance
 g - 9 potions of curing
 m - 3 potions of might
 r - 2 potions of heal wounds
 u - 5 potions of brilliance
 v - 4 potions of invisibility
 A - 2 potions of berserk rage
 D - 9 potions of ambrosia


   Skills:
 - Level 9.0 Fighting
 - Level 1.7 Staves
 - Level 6.0 Dodging
 - Level 1.7 Stealth
 - Level 9.0 Unarmed Combat
 + Level 6.1 Spellcasting
 + Level 15.9 Conjurations
 - Level 9.0 Hexes
 - Level 9.0 Translocations
 - Level 9.0 Transmutations
 + Level 13.1 Earth Magic


You had 2 spell levels left.
You knew the following spells:

 Your Spells              Type           Power      Damage    Failure   Level
a - Magic Dart            Conj           100%       1d8       0%          1
b - Searing Ray           Conj           100%       2d8       0%          2
c - Blink                 Tloc           100%       N/A       1%          2
d - Iskenderun's Mystic   Conj/Tloc      61%        2d13      1%          4
e - Fulminant Prism       Conj/Hex       30%        3d15      1%          4
f - Stone Arrow           Conj/Erth      100%       3d13      1%          3
g - Passwall              Tmut/Erth      61%        N/A       1%          2
h - Iron Shot             Conj/Erth      43%        9d8       3%          6

Your spell library contained the following spells:

 Spells                   Type           Power      Damage    Failure   Level
 Sandblast                Erth           100%       2d20      1%          1
 Slow                     Hex            100%       N/A       1%          1
 Lesser Beckoning         Tloc           100%       N/A       1%          2
 Momentum Strike          Conj/Tloc      100%       3d10      1%          2
 Static Discharge         Conj/Air       90%        2-6/arc   1%          2
 Call Imp                 Summ           14%        N/A       12%         2
 Cigotuvi's Dreadful Rot  Necr/Pois/Air  14%        N/A       12%         2
 Confusing Touch          Hex            50%        N/A       1%          3
 Dazzling Flash           Conj/Hex       100%       N/A       1%          3
 Gell's Gravitas          Tloc           50%        N/A       1%          3
 Teleport Other           Tloc           50%        N/A       1%          3
 Petrify                  Tmut/Erth      74%        N/A       1%          4
 Mephitic Cloud           Conj/Pois/Air  32%        N/A       2%          3
 Borgnjor's Vile Clutch   Necr/Erth      27%        N/A       14%         5
 Vampiric Draining        Necr           7%         2d6       24%         3
 Dispersal                Tloc           25%        N/A       30%         6
 Silence                  Hex/Air        14%        N/A       34%         5
 Summon Forest            Summ/Tloc      14%        N/A       34%         5
 Summon Mana Viper        Hex/Summ       28%        N/A       34%         5
 Airstrike                Air            3%         2d(1-17)  61%         4
 Summon Ice Beast         Ice/Summ       7%         N/A       61%         4
 Summon Lightning Spire   Summ/Air       7%         N/A       61%         4
 Lehudib's Crystal Spear  Conj/Erth      43%        10d10     78%         8
 Agony                    Necr           7%         N/A       91%         5
 Death Channel            Necr           3%         N/A       100%        6
 Summon Cactus Giant      Summ           3%         N/A       100%        6
 Haunt                    Necr/Summ      3%         N/A       100%        7
 Infestation              Necr           3%         N/A       100%        8
 Animate Armour           Summ/Erth      Unusable   N/A       N/A         4
 Animate Dead             Necr           Unusable   N/A       N/A         4

Dungeon Overview and Level Annotations

Branches:
Dungeon (15/15)            Temple (1/1) D:4            Lair (5/5) D:10
  Swamp (1/4) Lair:2       Spider (1/4) Lair:2        Slime (0/5) Lair:4
    Orc (2/2) D:9          Vaults (0/5) D:13          Sewer (visited)
Ossuary (visited)          Bailey (visited)
    Elf: Orc:2       Depths: D:15

Altars:
Ashenzari
Cheibriados
Dithmenos
Elyvilon
Fedhas
Gozag
Hepliaklqana
Kikubaaqudgha
Makhleb
Nemelex Xobeh
Okawaru
Qazlal
Ru
Sif Muna
Trog
Uskayaw
Vehumet
Wu Jian
Xom
Yredelemnul
Zin
The Shining One
Jiyva

Shops:
D:2 (   D:9 *::[   D:13 *   D:14 :   Orc:1 (   Lair:2 *   Lair:4 *

Portals:
Trove: D:10 (give 16 scrolls of teleportation)

Annotations:
D:15 1 transporter, Louise
Lair:5 exclusion: 3 oklob plants
Orc:2 Nessos, Saint Roka


Innate Abilities, Weirdness & Mutations

Your dull iron-grey scales are very hard. (AC +14)
You are amphibious.
You cannot fit into any form of body armour.
You are cold-blooded and may be slowed by cold attacks.
Your large and strong wings let you fly.
Your flesh is very heat resistant. (rF++)


Message History

You feel a surge of power!
The stone arrow hits Nessos!
Nessos is lightly wounded.
You feel very sick.
Nessos gestures wildly while chanting.
Nessos blinks!
Your fulminant prism explodes!
You hear a shout! x8
You feel very sick.
Nessos shoots an arrow.
The arrow hits you! The arrow burns you.
Nessos shoots an arrow.
The arrow closely misses you.
You feel very sick.
Nessos mumbles some strange words.
Nessos blinks!
You feel sick.
The orc shouts!
Nessos shoots an arrow.
The arrow barely misses you.
Nessos shoots an arrow.
The arrow hits you!
You feel sick.
You feel sick.
You feel sick.
You feel sick.
Nessos shoots an arrow.
The arrow hits you!
Nessos gestures wildly while chanting.
Nessos seems to speed up.
You feel sick.
Nessos shoots an arrow.
The arrow closely misses you.
Nessos shoots an arrow.
The arrow hits you.
* * * LOW HITPOINT WARNING * * *
Things that are here:
a +0 scale mail; a +0 flail You feel sick.
Nessos shoots an arrow.
The arrow closely misses you.
There is a stone staircase leading up here.
You feel sick.
You are no longer poisoned.
Nessos shoots an arrow.
The arrow hits you!!
* * * LOW HITPOINT WARNING * * *
The arrow burns you.
You are poisoned.
* * * LOW HITPOINT WARNING * * *
Nessos shoots an arrow.
The arrow hits you!
You die...
Your body crumbles into a pile of gold.

##### ##...## ##.....## ...
##.[@..).## .....
##.[[......## ....ยง.###
##...[)......##
........###.............##
....c....#..........^....##
........##........#.......##
.........c....o#...........#
........#.......#.#.......##
..#....#.........#.......##


You could see Nessos (fast) and an orc.

Vanquished Creatures
  An azure jelly (Lair:4)
  A dire elephant (Lair:4)
  Snorg (Lair:3)
  Josephine (D:14)
  Fannar (Lair:1)
  A catoblepas (Lair:5)
  4 centaur warriors (D:13)
  5 hydras
  A vault guard (D:13)
  A boulder beetle (D:12)
  14 death yaks
  A deep troll shaman (Lair:5)
  3 two-headed ogres
  An orc high priest (Orc:2)
  A tengu warrior (D:14)
  Sonja (Lair:2)
  4 skysharks
  Lodul (D:13)
  A fire crab (Lair:4)
  An orb spider (Lair:2)
  A wizard (D:14)
  5 orc knights
  2 orc sorcerers
  A harpy (shapeshifter) (D:13)
  10 ugly things
  6 oklob plants
  5 cyclopes
  3 manticores
  19 elephants
  A molten gargoyle (D:14)
  A black mamba (Lair:1)
  14 cane toads
  2 kobold demonologists
  An unseen horror (D:10)
  Psyche (D:8)
  6 rime drakes
  11 komodo dragons
  An efreet (D:13)
  6 trolls
  6 polar bears
  A queen bee (Lair:2)
  2 hornets
  7 blink frogs
  Prince Ribbit (D:7)
  Sigmund (D:3)
  12 slime creatures
  A jumping spider (Spider:1)
  A culicivora (Lair:2)
  61 yaks
  3 shadows
  A culicivora (shapeshifter) (D:14)
  2 vampires (D:12)
  10 humans (D:13)
  11 wyverns
  3 spriggans (Swamp:1)
  5 wraiths
  A redback (shapeshifter) (D:14)
  10 basilisks
  5 vampire mosquitoes
  A redback (Spider:1)
  2 steam dragons
  Menkaure (D:5)
  4 wargs
  A swamp worm (Lair:2)
  An acid dragon (D:13)
  20 water moccasins
  30 orc warriors
  An ice beast (D:6)
  4 black bears
  24 wolves
  22 ogres
  11 centaurs
  8 kobold brigands
  21 bullfrogs
  4 gnoll sergeants
  8 wights
  43 killer bees
  6 howler monkeys
  A lava snake (D:14)
  13 hounds
  7 jellies
  22 orc priests
  3 gnoll boudas
  4 iguanas
  25 orc wizards
  3 mummies (Ossuary)
  11 adders
  22 gnolls
  2 river rats
  2 shadow imps
  2 white imps
  An ufetubus (D:5)
  7 worms
  2 dart slugs
  69 orcs
  3 endoplasms
  10 goblins
  5 hobgoblins
  31 kobolds
  4 quokkas
  5 ball pythons
  5 bats
  3 frilled lizards
  4 hobgoblin zombies (Ossuary)
  4 kobold zombies (Ossuary)
  5 rats
772 creatures vanquished.

Vanquished Creatures (others)
  A human (D:13)
  A vampire mosquito (D:13)
  A killer bee (Lair:2)
  361 fulminant prisms
364 creatures vanquished.

Grand Total: 1136 creatures vanquished

Notes
Turn   | Place    | Note
-------+----------+-------------------------------------------
     0 | D:1      | pkoi the Draconian Conjurer began the quest for the Orb.
     0 | D:1      | Reached XP level 1. HP: 14/14 MP: 3/3
   116 | D:1      | Reached XP level 2. HP: 19/20 MP: 0/5
   354 | D:1      | Gained mutation: You have hidden genetic potential. [potion
                  | of mutation]
   354 | D:1      | Gained mutation: Your large and strong wings let you fly.
                  | [potion of mutation]
   424 | D:1      | Reached skill level 1 in Staves
   496 | D:1      | Learned a level 2 spell: Searing Ray
   499 | D:1      | Learned a level 2 spell: Blink
   987 | D:2      | Reached XP level 3. HP: 26/26 MP: 4/6
  1078 | D:2      | Gained mutation: Your flesh is heat resistant. (rF+)
                  | [hidden potential]
  1165 | D:2      | Identified the +6 scale mail "Irhir" {Harm Fly rC+}
  1422 | D:2      | Found Ubyrienk's Antique Weapon Shoppe.
  1674 | D:2      | Reached skill level 1 in Translocations
  1708 | D:2      | Reached skill level 5 in Conjurations
  1708 | D:2      | Reached XP level 4. HP: 33/33 MP: 1/7
  2115 | D:3      | Identified the +8 falchion of Intuition {protect, Int+3
                  | Stlth+}
  2147 | D:3      | Gained mutation: Your flesh is very heat resistant. (rF++)
                  | [hidden potential]
  2147 | D:3      | Lost mutation: You have hidden genetic potential. [hidden
                  | potential expressed]
  2470 | D:3      | Reached XP level 5. HP: 38/38 MP: 0/8
  2551 | D:3      | Found a glowing drain.
  2563 | Sewer    | Entered a sewer
  2588 | Sewer    | Reached skill level 6 in Conjurations
  2588 | Sewer    | Reached XP level 6. HP: 35/45 MP: 9/9
  2943 | Sewer    | Reached skill level 7 in Conjurations
  3063 | Sewer    | Your scales start taking on a dull iron-grey colour.
  3063 | Sewer    | Reached XP level 7. HP: 50/50 MP: 5/10
  3517 | D:3      | Noticed Sigmund
  3522 | D:3      | Killed Sigmund
  3595 | D:3      | Learned a level 4 spell: Iskenderun's Mystic Blast
  3698 | D:3      | Found a faded altar of an unknown god.
  4338 | D:4      | Found a sand-covered staircase.
  4343 | Ossuary  | Entered an ossuary
  4343 | Ossuary  | Noticed a wraith
  4343 | Ossuary  | Noticed a wraith
  4343 | Ossuary  | Noticed a wraith
  4872 | Ossuary  | Noticed a wraith
  4888 | Ossuary  | Killed a wraith
  4889 | Ossuary  | Reached skill level 1 in Fighting
  4889 | Ossuary  | Reached skill level 8 in Conjurations
  5143 | D:4      | Found a staircase to the Ecumenical Temple.
  5194 | Temple   | Entered the Ecumenical Temple
  5194 | Temple   | Found a transporter.
  5194 | Temple   | Found a transporter.
  5221 | Temple   | Found a transporter.
  5221 | Temple   | Found a transporter.
  5283 | Temple   | Became a worshipper of Gozag Ym Sagoz the Greedy
  5855 | D:5      | Entered Level 5 of the Dungeon
  5864 | D:5      | Reached XP level 8. HP: 49/59 MP: 5/11
  5966 | D:5      | Got Anidul's Handbook of the Lithosphere
  6392 | D:5      | Reached skill level 5 in Translocations
  6776 | D:5      | Noticed Menkaure
  6778 | D:5      | Killed Menkaure
  7834 | D:6      | Reached XP level 9. HP: 64/71 MP: 7/14
  7887 | D:6      | Learned a level 4 spell: Fulminant Prism
  8033 | D:6      | Noticed a kobold demonologist
  8044 | D:6      | Killed a kobold demonologist
  8045 | D:6      | Reached skill level 1 in Hexes
  9349 | D:7      | Reached skill level 9 in Conjurations
 10074 | D:7      | Reached skill level 5 in Fighting
 10074 | D:7      | Noticed Prince Ribbit
 10099 | D:7      | Killed Prince Ribbit
 10242 | D:7      | Noticed a two-headed ogre
 10263 | D:7      | Killed a two-headed ogre
 10264 | D:7      | Reached skill level 5 in Dodging
 10264 | D:7      | Reached skill level 5 in Spellcasting
 10264 | D:7      | Reached XP level 10. HP: 81/81 MP: 3/17
 10841 | D:7      | Noticed a five-headed hydra
 11937 | D:7      | Killed a five-headed hydra
 11938 | D:7      | Reached skill level 5 in Hexes
 13262 | D:7      | Reached skill level 10 in Conjurations
 14081 | D:8      | Found a radiant altar of Vehumet.
 14521 | D:8      | Found a burning altar of Makhleb.
 14558 | D:8      | Noticed Psyche
 14562 | D:8      | Killed Psyche
 14563 | D:8      | Reached XP level 11. HP: 89/89 MP: 7/20
 14662 | D:8      | Found a blossoming altar of Fedhas.
 15038 | D:9      | Found Qaujufru's Armour Shop.
 15038 | D:9      | Found a staircase to the Orcish Mines.
 15067 | D:9      | Found Heffeeth's Assorted Antiques.
 15194 | D:9      | Found a flagged portal.
 15211 | Bailey   | Entered a bailey
 15250 | Bailey   | Learned a level 3 spell: Stone Arrow
 15456 | Bailey   | Identified the +5 scale mail of the Known World {rElec
                  | rF+++ rN+ Str-4}
 15689 | Bailey   | Reached skill level 1 in Earth Magic
 17241 | D:9      | Bought a sharpened glass wand for 100 gold pieces
 17241 | D:9      | Bought an iron wand for 100 gold pieces
 17241 | D:9      | Bought a scroll of identify for 50 gold pieces
 17241 | D:9      | Bought a bloodstained long sword for 212 gold pieces
 17241 | D:9      | Identified the +10 long sword of the Dead {venom, Will+++}
                  | (You bought it in a shop on level 9 of the Dungeon)
 17701 | D:9      | Learned a level 2 spell: Passwall
 17710 | D:9      | Noticed a brown ugly thing
 17917 | D:10     | Entered Level 10 of the Dungeon
 18194 | D:10     | Reached skill level 11 in Conjurations
 18725 | D:10     | Found a portal to a secret trove of treasure.
 18861 | D:10     | Found a staircase to the Lair.
 19288 | D:10     | Found a shimmering altar of Xom.
 19290 | D:10     | Found a shadowy altar of Dithmenos.
 19491 | D:11     | Reached skill level 5 in Earth Magic
 19879 | Lair:1   | Entered Level 1 of the Lair of Beasts
 20986 | Lair:1   | Reached XP level 12. HP: 96/96 MP: 6/21
 21164 | Lair:1   | Noticed Fannar
 21204 | Lair:1   | HP: 2/96 [Fannar/+0 quarterstaff of freezing (16)]
 21475 | Lair:1   | Killed Fannar
 22305 | Lair:2   | Noticed a death yak
 22306 | Lair:2   | Noticed a death yak
 22351 | Lair:2   | Noticed a death yak
 22351 | Lair:2   | Noticed a death yak
 22351 | Lair:2   | Noticed a death yak
 22351 | Lair:2   | Noticed a death yak
 22351 | Lair:2   | Noticed a death yak
 22369 | Lair:2   | Noticed an eight-headed hydra
 22375 | Lair:2   | Killed an eight-headed hydra
 22494 | Lair:2   | Reached skill level 12 in Conjurations
 22830 | Lair:2   | Reached skill level 10 in Earth Magic
 22924 | Lair:2   | Noticed Sonja
 23046 | Lair:2   | Killed Sonja
 23650 | Lair:2   | Noticed an eight-headed hydra
 23667 | Lair:2   | Killed an eight-headed hydra
 24181 | Lair:2   | Reached skill level 1 in Transmutations
 24461 | Lair:2   | Noticed an eight-headed hydra
 24489 | Lair:2   | Killed an eight-headed hydra
 24490 | Lair:2   | Reached skill level 1 in Unarmed Combat
 24683 | Lair:2   | Reached XP level 13. HP: 102/102 MP: 13/22
 25775 | D:11     | Found a broken altar of Ashenzari.
 26700 | D:12     | Reached skill level 13 in Conjurations
 28122 | Lair:2   | Found a hole to the Spider Nest.
 29491 | Lair:2   | Found a staircase to the Swamp.
 30055 | Lair:3   | Noticed Snorg
 30263 | Lair:3   | Reached skill level 5 in Transmutations
 30275 | Lair:3   | Reached skill level 5 in Unarmed Combat
 30482 | Lair:3   | Found a blossoming altar of Fedhas.
 31310 | Lair:3   | Killed Snorg
 31844 | Lair:4   | Reached XP level 14. HP: 19/110 MP: 2/23
 33570 | Lair:4   | Reached skill level 14 in Conjurations
 33674 | Lair:4   | Found a viscous altar of Jiyva.
 33675 | Lair:4   | Found a staircase to the Slime Pits.
 33997 | Lair:4   | Noticed an azure jelly
 34026 | Lair:4   | Killed an azure jelly
 38075 | Lair:5   | Entered Level 5 of the Lair of Beasts
 38612 | Lair:5   | Identified the ring "Tonlek" {rElec rF+ Will- Str+4}
 41507 | Lair:5   | Reached skill level 15 in Conjurations
 41610 | Lair:4   | Bought a pair of glowing gloves for 232 gold pieces
 42516 | Lair:5   | Got Aploxam's Treatise on the Ashen Panacea
 43977 | Lair:2   | Reached XP level 15. HP: 92/115 MP: 2/24
 44638 | Swamp:1  | Entered Level 1 of the Swamp
 44947 | Spider:1 | Entered Level 1 of the Spider Nest
 45437 | D:13     | HP: 5/115 [white ugly thing (34)]
 45440 | D:13     | HP: 2/115 [centaur/arrow[a centaur warrior] (4)]
 46047 | D:13     | Bought a potion of haste for 340 gold pieces
 46047 | D:13     | Bought a scroll of teleportation for 102 gold pieces
 46375 | D:13     | Noticed Lodul
 46391 | D:13     | Killed Lodul
 47120 | D:13     | Found a gate to the Vaults.
 48229 | D:14     | Bought the Dissertation on the Wild Winter for 512 gold
                  | pieces
 48236 | D:14     | Learned a level 6 spell: Iron Shot
 49588 | D:14     | Found a hazy altar of Hepliaklqana.
 49742 | D:14     | Noticed Josephine
 49751 | D:14     | Killed Josephine
 49929 | D:14     | You are sucked into a shaft and drop 1 floor!
 49929 | D:15     | Entered Level 15 of the Dungeon
 49929 | D:15     | Found an opulent altar of Gozag.
 50367 | D:15     | Found a transporter.
 50380 | D:15     | Noticed Louise
 50780 | Orc:1    | Entered Level 1 of the Orcish Mines
 51121 | Orc:1    | Found Tibaulof's Weapon Boutique.
 52292 | Orc:2    | Entered Level 2 of the Orcish Mines
 52744 | Orc:2    | Noticed Saint Roka
 54116 | D:14     | Bought a book of Unlife for 576 gold pieces
 54248 | Orc:2    | Noticed Nessos
 54820 | Orc:2    | Shot with an arrow by Nessos

Illustrated notes

Levels and vault maps discovered:
D:1:      dpeg_arrival_connections, layout_rooms
D:2:      layout_basic, serial_shops, nicolae_square_shop, grunt_ministairs_2
D:3:      layout_loops_corners, cheibrodos_sewer_entry_sluice,
          hellmonk_ecumenical_altar_heavens_door, uniq_sigmund
D:4:      layout_basic, minmay_temple_entry_wispy,
          nicolae_ossuary_entry_false_entrances
D:5:      layout_loops_ring, minmay_strange_pillars, uniq_menkaure
D:6:      layout_basic, serial_bayou_pond_c, mrwooster_statue_mirror,
          st_stairs_11
D:7:      lemuel_castle_with_subvaults [lemuel_castle_interior_original],
          layout_layer_cave, uniq_prince_ribbit1
D:8:      layout_loops_ring, mainiacjoe_overflow_six_doors_small,
          nicolae_vehumet_altar_sigil, mainiacjoe_overflow_brackets, uniq_psyche
D:9:      minmay_klotski, layout_gridville, orc_david_3, enter_bailey_4,
          serial_shops, nicolae_shop_advertising_works
          [nicolae_subvault_shop_adworks]
D:10:     layout_irregular_city, chequers_temple_overflow_statue_of_worship,
          dpeg_oklobed_lair, enter_trove_1
D:11:     layout_basic, chequers_jeans, cheibrodos_ashenzari_chains
D:12:     layout_basic, grunt_ministairs_4
D:13:     layout_loops_corners, ximxim_vaults_locker_room, uniq_lodul
D:14:     layout_basic, old_standard_altar, uniq_josephine
D:15:     grunt_enter_depths_snipers, layout_rooms, nicolae_gozag_seed_capital,
          nicolae_transporter_intersection, uniq_louise
Temple:   hellmonk_temple_divided_pantheon
Lair:1:   layout_chaotic_city, grunt_megastairs_1, uniq_fannar
Lair:2:   hangedman_what_comes_after_a, layout_hall_layers,
          palyth_hydra_swamp_entry, nicolae_spider_entry_orb_guardian,
          gauntlet_entry_generic, chequers_serial_rivers_marsh,
          fungi_pond_lemuel, minivault_24, chequers_serial_rivers_micro_a,
          uniq_sonja
Lair:3:   layout_loops_ring, hangedman_tree_tricks, grunt_megastairs_3,
          uniq_snorg
Lair:4:   wad_woods_structure_01, layout_regular_city,
          nicolae_slime_entry_slimehenge, nicolae_lair_time_for_slime
Lair:5:   grunt_lair_end_beastmaster, layout_hall_layers, dpeg_oklob_1
Swamp:1:  gammafunk_worm_tunnel, layout_basic_swamp, hangedman_swamp_ruin_hall,
          swamp_pool1, uniq_aizul
Spider:1: layout_spider_delve, drop_trap, hellmonk_narrow_tunnel, uniq_kirke
Orc:1:    layout_diamond_mine, serial_shops, nicolae_shop_pleasant_corner_grove,
          mines1_david
Orc:2:    grunt_orc_cross, layout_diamond_mine, hellmonk_bongcloud_opening,
          uniq_nessos, uniq_erolcha

Skill      XL: |  1  2  3  4  5  6  7  8  9 10 11 12 13 14 15 |
---------------+----------------------------------------------+-----
Staves         | 1 |  1.7
Translocations | 1 2 3 4 5 6 7 9 |  9.0
Conjurations   | 5 6 7 8 9 10 11 12 13 15 | 15.9
Dodging        | 2 3 5 6 |  6.0
Fighting       | 1 3 5 6 9 |  9.0
Spellcasting   | 3 5 6 |  6.1
Hexes          | 3 6 8 9 |  9.0
Earth Magic    | 6 11 13 | 13.1
Transmutations | 1 5 9 |  9.0
Unarmed Combat | 1 5 9 |  9.0
Stealth        | |  1.7

Action                     |  1- 3 |  4- 6 |  7- 9 | 10-12 | 13-15 || total
---------------------------+-------+-------+-------+-------+-------++-------
  Melee: Quarterstaff      |    30 |     7 |       |       |       ||    37
         Tailslap          |     2 |     2 |     6 |    24 |   103 ||   137
         Falchion          |       |    49 |    53 |    67 |       ||   169
         Long sword        |       |       |       |   110 |   543 ||   653
         Punch             |       |       |       |     2 |    35 ||    37
         Unarmed           |       |       |       |       |     9 ||     9
         Staff             |       |       |       |       |     7 ||     7
   Cast: Magic Dart        |    57 |    35 |   183 |   193 |   182 ||   650
         Searing Ray       |       |     6 |    28 |     3 |     3 ||    40
         Iskenderun's Myst |       |       |    12 |   199 |   258 ||   469
         Fulminant Prism   |       |       |     9 |    78 |   274 ||   361
         Passwall          |       |       |       |     2 |       ||     2
         Stone Arrow       |       |       |       |     1 |    31 ||    32
         Blink             |       |       |       |       |     2 ||     2
         Iron Shot         |       |       |       |       |    21 ||    21
 Invoke: Call Merchant     |       |       |       |     2 |     4 ||     6
  Evoke: Wand              |       |       |       |       |    13 ||    13
    Use: Scroll            |     3 |     9 |     7 |     4 |     4 ||    27
         Potion            |     1 |       |     4 |       |       ||     5
   Stab: Sleeping          |       |     1 |       |     2 |     1 ||     4
         Distracted        |       |       |       |     3 |     2 ||     5
 Armour: Skin              |     6 |    36 |    55 |   145 |   408 ||   650
  Dodge: Dodged            |    16 |    30 |    83 |   251 |   482 ||   862
  Block: Other             |       |       |       |    44 |   185 ||   229
         Reflection        |       |       |       |       |    13 ||    13
